 Dungeon Sprint DCSS version 0.19.0-19-g8c6edcc (webtiles) character file.

640 poirepourri the Protected (level 7, -5/74 HPs)
             Began as a Deep Dwarf Fighter on Nov 12, 2016.
             Was an Initiate of Makhleb.
             Succumbed to Sonja's poison
             ... in the Dungeon (Sprint I: "Red Sonja").
             The game lasted 00:01:28 (227 turns).

poirepourri the Protected (Deep Dwarf Fighter)       Turns: 227, Time: 00:01:28

Health: -5/74      AC:  8    Str: 21    XL:     7   Next: 26%
Magic:  7/7        EV: 10    Int:  8    God:    Makhleb [......]
Gold:   385        SH: 11    Dex: 13    Spells: 0 memorised, 6 levels left

rFire  . . .     SeeInvis .     a - +0 war axe
rCold  . . .     Gourm    .     b - +0 scale mail
rNeg   . . .     Faith    .     c - +0 shield
rPois  .         Spirit   .     (no helmet)
rElec  .         Reflect  .     (no cloak)
rCorr  .         Harm     .     (no gloves)
MR     +....     NoTele   +     (no boots)
Stlth  ..........               (no amulet)
                                (no ring)
                                (no ring)

@: lethally poisoned (-5 -> -102), non-regenerating, slowed, very slow
A: damage resistance, recharge devices, sense surroundings 1, slow regeneration
3
a: Device Recharging, Renounce Religion


You were in the Dungeon.
You worshipped Makhleb.
Makhleb was noncommittal.
You were not hungry.

You visited 1 branch You collected 434 gold pieces.
You spent 49 gold pieces at shops.

Inventory:

Hand Weapons
 a - a +0 war axe (weapon)
Armour
 b - a +0 scale mail (worn)
 c - a +0 shield (worn)
Wands
 e - a wand of heal wounds (2/9)
Scrolls
 d - a scroll of fear
 l - a scroll of blinking
Potions
 g - a potion of curing
 i - a potion of haste
 j - 2 potions of magic
Comestibles
 f - a bread ration


   Skills:
 + Level 8.1 Fighting
 + Level 7.8 Axes
 - Level 9.3 Armour
 + Level 3.4 Dodging
 + Level 0.3 Stealth
 - Level 9.1 Shields
 + Level 1.5 Evocations


You had 6 spell levels left.
You didn't know any spells.

Dungeon Overview and Level Annotations

Branches:
Dungeon (1/1)

Altars:
Cheibriados
Dithmenos
Elyvilon
Fedhas
Gozag
Hepliaklqana
Kikubaaqudgha
Makhleb
Nemelex Xobeh
Okawaru
Qazlal
Ru
Sif Muna
Trog
Uskayaw
Vehumet
Xom
Yredelemnul
Zin
The Shining One
Jiyva
Lugonu

Shops:
D ?

Annotations:
D Sonja


Innate Abilities, Weirdness & Mutations

You are resistant to damage.
You can recharge devices by infusing magical energy.
You passively map a small area around you.
You do not regenerate.


Message History

Sonja hits you but does no damage.
You are more poisoned.
Unknown command.
Evoke which item? (* to show all) (? for menu, Esc to quit)
Zapping:
e - a wand of heal wounds (3/9)
Press: ? - help, Shift-Dir - straight line, f - you You feel much better.
This wand has 2 charges left.
You feel extremely sick.
Sonja gestures wildly while chanting.
Sonja blinks!
Unknown command.
* * * LOW HITPOINT WARNING * * *
You feel extremely sick.
Sonja gestures wildly while chanting.
Sonja blinks!
There is an open door, spattered with blood here.
* * * LOW HITPOINT WARNING * * *
You feel extremely sick.
Unknown command.
You die...

######################
*
#<.#..)..#..'..#__#..+,
#..').#..').#..'..'..#
#..#####'#####'#__####,
, #..####..#...#.####
** #..#__####..##.# ,
#..#_____##(#..+ , ,
#⌠⌠#_.∩K@.'.(._# , ,
####_..__##_.#'# ,
#_____###(#.# #######
#.### * , ∩, , +$.$+ ,
,+ ∩ + ** #$.$# *** *
##(## , , , #+# , , ,
,* +


You could see Sonja.

Vanquished Creatures
  A slime creature (D)
  Sigmund (D)
  A yak (D)
  An ogre (D)
  A jelly (D)
  Ijyb (D)
6 creatures vanquished.

Notes
Turn   | Place    | Note
-------+----------+-------------------------------------------
     0 | D        | poirepourri the Deep Dwarf Fighter began the quest for the Orb.
     0 | D        | Reached XP level 1. HP: 20/20 MP: 1/1
     2 | D        | Noticed Ijyb
    25 | D        | Killed Ijyb
    25 | D        | Reached XP level 2. HP: 25/28 MP: 2/2
    29 | D        | Noticed an ogre
    34 | D        | Killed an ogre
    34 | D        | Reached skill level 5 in Fighting
    34 | D        | Reached XP level 3. HP: 39/39 MP: 3/3
    34 | D        | Reached XP level 4. HP: 46/46 MP: 4/4
    48 | D        | Noticed Sigmund
    57 | D        | Killed Sigmund
    57 | D        | Reached skill level 5 in Axes
    57 | D        | Reached skill level 1 in Dodging
    57 | D        | Reached XP level 5. HP: 35/56 MP: 5/5
    57 | D        | Reached XP level 6. HP: 39/63 MP: 6/6
    98 | D        | Found a deep blue altar of Sif Muna.
   100 | D        | Found a radiant altar of Vehumet.
   113 | D        | Found a burning altar of Makhleb.
   113 | D        | Found a viscous altar of Jiyva.
   113 | D        | Found a shimmering altar of Xom.
   113 | D        | Found a corrupted altar of Lugonu.
   113 | D        | Noticed a slime creature
   123 | D        | Killed a slime creature
   126 | D        | Became a worshipper of Makhleb the Destroyer
   178 | D        | Found Toheulom's Magic Scroll Emporium.
   178 | D        | Found an ancient bone altar of Kikubaaqudgha.
   178 | D        | Found a hazy altar of Hepliaklqana.
   178 | D        | Found a stormy altar of Qazlal.
   178 | D        | Found a hide-covered altar of Uskayaw.
   178 | D        | Found a blossoming altar of Fedhas.
   178 | D        | Found a bloodstained altar of Trog.
   178 | D        | Found an iron altar of Okawaru.
   178 | D        | Found a basalt altar of Yredelemnul.
   178 | D        | Found a glowing golden altar of the Shining One.
   178 | D        | Found a snail-covered altar of Cheibriados.
   178 | D        | Found a sacrificial altar of Ru.
   178 | D        | Found a glowing silver altar of Zin.
   178 | D        | Found a shadowy altar of Dithmenos.
   178 | D        | Found a white marble altar of Elyvilon.
   178 | D        | Noticed a yak
   187 | D        | Killed a yak
   187 | D        | Reached skill level 1 in Evocations
   187 | D        | Reached XP level 7. HP: 55/74 MP: 6/8
   188 | D        | Found an opulent altar of Gozag.
   189 | D        | Found a sparkling altar of Nemelex Xobeh.
   194 | D        | Bought a scroll of fear for 49 gold pieces
   207 | D        | Noticed Sonja
   221 | D        | HP: 2/74 [poisoned by Sonja]
   227 | D        | Succumbed to Sonja's poison

Skill      XL: |  1  2  3  4  5  6 |
---------------+-------------------+-----
Fighting       | 3 5 6 8 |  8.1
Axes           | 3 4 5 7 |  7.8
Armour         | 4 6 8 9 |  9.3
Shields        | 4 6 8 9 |  9.1
Dodging        | 1 3 |  3.4
Evocations     | 1 |  1.5
Stealth        | |  0.3

Action                   |  1- 3 |  4- 6 |  7- 9 || total
-------------------------+-------+-------+-------++-------
Melee: War axe           |    26 |    28 |     5 ||    59
 Abil: Device Recharging |       |       |     1 ||     1
Evoke: Wand              |       |     3 |     5 ||     8
  Use: Potion            |     1 |     1 |     1 ||     3
Armor: Scale mail        |     7 |     7 |    13 ||    27
Dodge: Dodged            |     4 |     7 |    18 ||    29
Block: Shield            |    10 |    11 |    15 ||    36
